 Dungeon Crawl Stone Soup version 0.22.1-1-ga44c0e5 (webtiles) character file.

23599 Lauz the Severer (level 12, -13/106 HPs)
             Began as a Minotaur Berserker on Nov 5, 2018.
             Was a High Priest of Trog.
             Mangled by a meliai
             ... wielding a +0 war axe
              (21 damage)
             ... on level 13 of the Dungeon.
             The game lasted 00:44:58 (13718 turns).

Lauz the Severer (Minotaur Berserker)              Turns: 13718, Time: 00:44:58

Health: -13/106    AC: 21    Str: 28    XL:     12   Next: 73%
Magic:  3/3        EV: 13    Int:  4    God:    Trog [*****.]
Gold:   888        SH:  0    Dex:  9    Spells: 11/11 levels left

rFire    + . .     SeeInvis +   S - +7 executioner's axe (antimagic)
rCold    . . .     Gourm    .   (shield currently unavailable)
rNeg     . . .     Faith    .   K - +0 plate armour
rPois    .         Spirit   .   (helmet restricted)
rElec    +         Reflect  .   d - +1 cloak
rCorr    .         Harm     .   B - +0 pair of gloves
MR       .....                  y - +0 pair of boots
Stlth    ..........             (no amulet)
HPRegen  0.27/turn              N - ring "Imeymny" {rElec rF+ SInv Stlth+}
MPRegen  0.08/turn              s - +2 ring of evasion

@: lethally poisoned (-13 -> -18), hasted, very quick
A: retaliatory headbutt, horns 2
a: Berserk, Trog's Hand, Brothers in Arms, Renounce Religion


You were on level 13 of the Dungeon.
You worshipped Trog.
Trog was extremely pleased with you.
You were very hungry.

You visited 1 branch of the dungeon, and saw 13 of its levels.
You also visited: Labyrinth.

You collected 888 gold pieces.

Inventory:

Hand Weapons
 a - a +0 hand axe
 t - a +0 blowgun
 w - a +0 shortbow
 H - a +1 battleaxe of electrocution
 P - a +3 glaive of chopping
 S - a +7 antimagic executioner's axe (weapon)
 T - the +3 rapier of Fatigue {pierce, rElec rPois Int+2 Stlth+}
   (You found it in a labyrinth)

   It inflicts extra damage upon your enemies.
   It affects your intelligence (+2).
   It insulates you from electricity.
   It protects you from poison.
   It makes you more stealthy.
 Y - a +0 shortbow of velocity
Missiles
 m - 71 poisoned needles
Armour
 d - a +1 cloak (worn)
 y - a +0 pair of boots (worn)
 B - a +0 pair of gloves (worn)
 D - a +0 chain mail
 K - a +0 plate armour (worn)
 U - a +0 plate armour of magic resistance
Jewellery
 s - a +2 ring of evasion (right hand)
 x - an uncursed ring of positive energy
 L - a +3 amulet of reflection {unknown}
 N - the ring "Imeymny" (left hand) {rElec rF+ SInv Stlth+}
   (You found it on level 8 of the Dungeon)

   [ring of see invisible]

   It protects you from fire.
   It insulates you from electricity.
   It lets you see invisible.
   It makes you more stealthy.
Wands
 b - a wand of paralysis (18)
 z - a wand of polymorph (59)
 F - a wand of iceblast (17)
 O - a wand of enslavement (17)
 Q - a wand of disintegration (23)
 R - a wand of random effects (34)
 X - a wand of flame (25)
Scrolls
 g - 2 scrolls of amnesia
 i - 7 scrolls of teleportation
 j - 8 scrolls of identify
 l - 9 scrolls of remove curse
 p - 3 scrolls of enchant armour
 u - 2 scrolls of fear
 v - a scroll of noise
 A - 5 scrolls of blinking
 C - a scroll of fog
 E - 2 scrolls of magic mapping
 Z - a scroll of acquirement {unknown}
Potions
 e - a potion of agility {unknown}
 f - 4 potions of curing {unknown}
 h - 4 potions of degeneration {unknown}
 k - 5 potions of haste
 n - 3 potions of mutation {unknown}
 o - 3 potions of lignification {unknown}
 q - 2 potions of resistance {unknown}
 r - 4 potions of berserk rage {unknown}
 G - 2 potions of might {unknown}
 I - a potion of cancellation {unknown}
 J - 3 potions of brilliance {unknown}
 M - a potion of invisibility {unknown}
 V - a potion of ambrosia {unknown}
Comestibles
 c - 24 rations


   Skills:
 + Level 9.9 Fighting
 * Level 17.9 Axes
 + Level 12.0 Armour
 + Level 8.3 Dodging
 - Level 1.1 Stealth


You had 11 spell levels left.
You didn't know any spells.
Your spell library was empty.

Dungeon Overview and Level Annotations

Branches:
Dungeon (13/15)            Temple (0/1) D:7            Lair (0/6) D:9
    Orc (0/2) D:11
 Vaults: D:13-14

Altars:
Ashenzari
Elyvilon
Gozag
Makhleb
Nemelex Xobeh
Qazlal
Trog
Uskayaw
Vehumet
Wu Jian
Xom
Yredelemnul
Zin
Beogh

Shops:
D:11 [


Innate Abilities, Weirdness & Mutations

You reflexively headbutt those who attack you in melee.
You have a pair of horns on your head.


Message History

The meliai hits you with a war axe!!
The meliai stings you but does no damage.
The meliai barely misses you.
The meliai stings you but does no damage.
The meliai hits you with a war axe!!
* * * LOW HITPOINT WARNING * * *
The meliai stings you but does no damage.
You are feeling very hungry.
The meliai completely misses you. The meliai stings you.
* * * LOW HITPOINT WARNING * * *
You are poisoned.
The meliai poisons you!
The killer bee stings you but does no damage.
You hear an angry buzzing noise.
It was a potion of haste.
You feel yourself speed up.
You feel sick. The meliai hits you with a war axe.
* * * LOW HITPOINT WARNING * * *
The meliai stings you but does no damage.
The meliai hits you with a war axe!!
You die...

#.# #.# ###'####
#......# #+##
#......# ...%.
#......# ...yyy###
#......#
.%.yyyyy####......#
...yy.#y@..'......#
...yy ######......#
...y #[.....# ..%
#>.....# ##
#.....## #.#####
... ##


You could see a queen bee, 2 meliai and 6 killer bees.

Vanquished Creatures
  A minotaur (Lab)
  A centaur warrior (D:12)
  Erica (D:8)
  A death knight (D:12)
  A two-headed ogre (D:12)
  A skeletal warrior (D:12)
  An unseen horror (D:11)
  Pikel (D:8)
  An orc knight (D:12)
  An ugly thing (D:8)
  A cyclops (D:12)
  The ghost of Ymberto the Transmogrifier, a novice OpTm (D:6)
  Joseph (D:9)
  The ghost of Aimay the Slasher, a novice HuBe of Trog (D:5)
  A gargoyle (D:10)
  A spiny frog (shapeshifter) (D:13)
  A minotaur zombie (Lab)
  2 efreet (D:12)
  A rime drake (shapeshifter) (D:12)
  3 trolls
  A raiju (shapeshifter) (D:12)
  4 slime creatures (D:12)
  A hippogriff (D:8)
  Sigmund (D:2)
  2 shadows
  A hog (shapeshifter) (D:13)
  2 wraiths
  3 wyverns
  14 yaks
  2 hungry ghosts
  2 basilisks
  Eustachio (D:6)
  Grum (D:7)
  An acid dragon (D:12)
  2 water moccasins
  3 porcupines (D:9)
  3 ice beasts
  6 orc warriors
  2 sky beasts
  4 black bears
  4 ogres
  2 phantoms
  14 centaurs
  A necrophage (D:10)
  3 wolves (D:7)
  5 crocodiles
  A big kobold (D:7)
  Blork the orc (D:4)
  8 bullfrogs
  A water moccasin zombie (D:9)
  3 scorpions
  9 killer bees
  A water moccasin skeleton (D:7)
  4 wights
  11 howler monkeys
  2 centaur zombies
  A bullfrog skeleton (D:12)
  11 crimson imps
  A jelly (D:8)
  A quasit (D:11)
  2 bullfrog zombies (D:6)
  9 hounds
  4 orc priests
  3 centaur skeletons
  12 orc wizards
  7 iguanas
  20 worker ants
  A killer bee zombie (D:9)
  A hound skeleton (D:10)
  A howler monkey zombie (D:8)
  5 worker ant zombies
  7 adders
  3 shadow imps
  An adder zombie (D:7)
  3 adder skeletons
  5 worms
  2 dart slugs
  2 leopard geckos
  48 orcs
  9 bats
  6 giant cockroaches
  3 goblins
  11 hobgoblins
  10 jackals
  14 kobolds
  4 quokkas
  4 frilled lizards
  A jackal skeleton (D:6)
  A jackal zombie (D:8)
  A quokka zombie (D:6)
  11 rats
374 creatures vanquished.

Vanquished Creatures (collateral kills)
  A hydra (D:11)
1 creature vanquished.

Vanquished Creatures (others)
  A slave (D:8)
  A scorpion (D:8)
  3 fungi (D:9)
  6 plants (D:9)
11 creatures vanquished.

Grand Total: 386 creatures vanquished

Notes
Turn   | Place    | Note
-------+----------+-------------------------------------------
     0 | D:1      | Lauz the Minotaur Berserker began the quest for the Orb.
     0 | D:1      | Reached XP level 1. HP: 19/19 MP: 0/0
   107 | D:1      | Reached skill level 4 in Axes
   160 | D:1      | Reached XP level 2. HP: 22/27 MP: 1/1
   473 | D:1      | Reached ** piety under Trog
   473 | D:1      | Reached XP level 3. HP: 28/33 MP: 2/2
   837 | D:2      | Noticed a phantom
   870 | D:2      | Killed a phantom
   870 | D:2      | Reached skill level 5 in Axes
   870 | D:2      | Reached XP level 4. HP: 35/41 MP: 3/3
  1024 | D:2      | Reached skill level 6 in Axes
  1085 | D:2      | Noticed Sigmund
  1095 | D:2      | Killed Sigmund
  1095 | D:2      | Reached skill level 5 in Fighting
  1095 | D:2      | Reached skill level 7 in Axes
  1095 | D:2      | Reached XP level 5. HP: 46/48 MP: 4/4
  1095 | D:2      | Reached XP level 6. HP: 53/56 MP: 5/5
  1554 | D:2      | Found a radiant altar of Vehumet.
  1675 | D:2      | Found a stormy altar of Qazlal.
  2242 | D:3      | Found a burning altar of Makhleb.
  2244 | D:3      | Noticed a green death
  2416 | D:3      | Found a shimmering altar of Xom.
  2533 | D:3      | Reached *** piety under Trog
  2536 | D:3      | Reached skill level 8 in Axes
  2660 | D:4      | Noticed Blork the orc
  2847 | D:4      | Killed Blork the orc
  2847 | D:4      | Reached XP level 7. HP: 58/62 MP: 6/6
  2851 | D:4      | Found a basalt altar of Yredelemnul.
  3044 | D:4      | Reached skill level 9 in Axes
  3590 | D:4      | You fall through a shaft for 3 floors!
  3590 | D:7      | Noticed a hungry ghost
  3599 | D:7      | Killed a hungry ghost
  3599 | D:7      | Reached skill level 1 in Stealth
  3599 | D:7      | Reached XP level 8. HP: 70/70 MP: 7/7
  3623 | D:7      | Reached skill level 5 in Armour
  3634 | D:7      | Reached **** piety under Trog
  3814 | D:7      | Reached skill level 5 in Dodging
  4035 | D:7      | Found a shattered altar of Ashenzari.
  4183 | D:6      | Reached XP level 9. HP: 73/75 MP: 8/8
  4573 | D:6      | Noticed Ymberto's ghost (novice OpTm)
  4575 | D:6      | Found a runed gate.
  4576 | D:6      | Found a runed gate.
  4576 | D:6      | Found a runed gate.
  4677 | D:6      | Found an ornate altar of the Wu Jian Council.
  5069 | D:6      | Noticed Eustachio
  5083 | D:6      | Killed Eustachio
  5423 | D:6      | Found a sparkling altar of Nemelex Xobeh.
  5456 | D:5      | Entered Level 5 of the Dungeon
  5460 | D:5      | Found a runed door.
  5460 | D:5      | Noticed Aimay's ghost (novice HuBe)
  5476 | D:5      | Killed Aimay's ghost
  6247 | D:5      | Reached skill level 10 in Armour
  6566 | D:6      | Killed Ymberto's ghost
  6566 | D:6      | Reached skill level 10 in Axes
  6874 | D:7      | Found a bloodstained altar of Trog.
  6874 | D:7      | Found a glowing silver altar of Zin.
  6877 | D:7      | Found a white marble altar of Elyvilon.
  7085 | D:7      | Found a staircase to the Ecumenical Temple.
  7101 | D:7      | Reached XP level 10. HP: 84/84 MP: 9/9
  7189 | D:7      | Noticed a moth of wrath
  7192 | D:7      | Found a bloodstained altar of Trog.
  7239 | D:8      | Noticed Grum
  7250 | D:7      | Killed Grum
  7252 | D:7      | Reached ***** piety under Trog
  7346 | D:7      | Reached skill level 11 in Axes
  7408 | D:8      | Noticed Pikel
  7424 | D:8      | Noticed Erica
  7481 | D:8      | Noticed a dagger
  7481 | D:8      | Noticed a dagger
  7485 | D:8      | Found a hide-covered altar of Uskayaw.
  7541 | D:8      | Found an ornate altar of the Wu Jian Council.
  7679 | D:8      | Killed Pikel
  7686 | D:8      | Killed Erica
  7686 | D:8      | Reached skill level 12 in Axes
  7735 | D:8      | Found a transporter.
  7803 | D:8      | Found an opulent altar of Gozag.
  8238 | D:8      | Noticed a green ugly thing
  8246 | D:8      | Killed a green ugly thing
  8299 | D:8      | Found a transporter.
  8336 | D:8      | Got a brightly glowing bronze ring
  8337 | D:8      | Identified the ring "Imeymny" {rElec rF+ SInv Stlth+} (You
                  | found it on level 8 of the Dungeon)
  8637 | D:9      | Reached skill level 13 in Axes
  8707 | D:9      | Noticed Joseph
  8715 | D:9      | Killed Joseph
  8715 | D:9      | Reached XP level 11. HP: 69/94 MP: 10/10
  8870 | D:9      | Found a staircase to the Lair.
  9161 | D:9      | Received a gift from Trog
  9203 | D:9      | Found a roughly hewn altar of Beogh.
  9609 | D:10     | Entered Level 10 of the Dungeon
  9617 | D:10     | Reached skill level 14 in Axes
  9857 | D:10     | Found a glowing silver altar of Zin.
 10537 | D:10     | Reached skill level 15 in Axes
 10729 | D:11     | Received a gift from Trog
 10811 | D:11     | Found Cuga's Antique Armour Boutique.
 10820 | D:11     | Noticed a seven-headed hydra
 10822 | D:11     | Found a labyrinth entrance.
 10831 | Lab      | Entered a labyrinth
 11078 | Lab      | Noticed a minotaur
 11085 | Lab      | Killed a minotaur
 11224 | Lab      | Got a slimy rapier
 11382 | D:11     | Killed a seven-headed hydra
 11595 | D:11     | Identified the +3 rapier of Fatigue {pierce, rElec rPois
                  | Int+2 Stlth+} (You found it in a labyrinth)
 11603 | D:11     | Reached XP level 12. HP: 93/104 MP: 3/11
 11763 | D:11     | Reached skill level 16 in Axes
 12417 | D:12     | Noticed a two-headed ogre
 12417 | D:12     | Noticed a death knight
 12465 | D:12     | Killed a death knight
 12471 | D:12     | Reached skill level 17 in Axes
 12643 | D:12     | Killed a two-headed ogre
 13062 | D:12     | Noticed a centaur warrior
 13067 | D:12     | Killed a centaur warrior
 13718 | D:13     | Mangled by a meliai

Skill      XL: |  1  2  3  4  5  6  7  8  9 10 11 12 |
---------------+-------------------------------------+-----
Axes           | 4 5 7 8 9 10 13 15 17 | 17.9
Fighting       | 4 5 6 7 9 |  9.9
Armour         | 4 8 10 11 12 | 12.0
Dodging        | 3 5 7 8 |  8.3
Stealth        | 1 |  1.1

Action                   |  1- 3 |  4- 6 |  7- 9 | 10-12 || total
-------------------------+-------+-------+-------+-------++-------
Melee: Hand axe          |    72 |   116 |   384 |   140 ||   712
       Headbutt          |     7 |    14 |    78 |    96 ||   195
       War axe           |       |       |     4 |       ||     4
       Battleaxe         |       |       |       |   183 ||   183
       Executioner's axe |       |       |       |   140 ||   140
 Fire: Blowgun           |       |     5 |     2 |       ||     7
Invok: Berserk           |       |     3 |     5 |     3 ||    11
       Trog's Hand       |       |       |     1 |     1 ||     2
       Brothers in Arms  |       |       |       |     1 ||     1
  Use: Scroll            |       |       |     7 |     9 ||    16
       Potion            |       |       |       |     1 ||     1
 Stab: Distracted        |       |       |       |     1 ||     1
  Eat: Chunk             |       |     9 |    14 |    17 ||    40
       Ration            |       |       |     2 |     3 ||     5
Armor: Animal skin       |     1 |       |       |       ||     1
       Leather armour    |    14 |    21 |       |       ||    35
       Ring mail         |       |     4 |    55 |       ||    59
       Chain mail        |       |       |    70 |    56 ||   126
       Plate armour      |       |       |       |   316 ||   316
Dodge: Dodged            |    52 |    71 |   179 |   327 ||   629
